[Event "Early-Titled-Tuesday-Blitz-September-05-2023"]
[Site "Chess.com"]
[Date "2023.09.05"]
[Round "10"]
[White "OparinGrigoriy"]
[Black "wonderfultime"]
[Result "0-1"]
[WhiteElo "3014"]
[BlackElo "3026"]
[TimeControl "180+1"]
[EndTime "9:54:29 PDT"]
[Termination "wonderfultime won by resignation"]

1. d4 d5 2. c4 c6 3. Nf3 Nf6 4. Nc3 a6 5. e3 Bf5 6. Qb3 Ra7 7.
Ne5 e6 8. Be2 h6 9. Bd2 Bd6 10. f4 b5 11. c5 Bxe5 12. fxe5 Ne4 13. Nxe4 Bxe4 14. O-O-O O-O 15. Bd3 Bxd3 16. Qxd3 f6 17.
exf6 Rxf6 18. Be1 Qe8 19. Bg3 Raf7 20. e4 Nd7 21. Rhe1 Qc8 22. Rd2 Nf8 23. Rde2 Qd7 24. Bd6 Ng6 25. h4 Nf4 26. Bxf4 Rxf4 27. g3 Rf3 28. Re3 R3f6 29. a3 Rf8 30. Kb1 a5 31.
exd5 exd5 32. Re5 Qg4 33. R1e3 a4 34. Ka2 Rf1 35. Re6 Qh3 36. Re8 Qh1 37. Re1 Rxe1 38. Rxf8+ Kxf8 39. Qf5+ Ke7 0-1

[Event "Early-Titled-Tuesday-Blitz-September-05-2023"]
[Site "Chess.com"]
[Date "2023.09.05"]
[Round "10"]
[White "Cheer_Down"]
[Black "karinachess1"]
[Result "1-0"]
[WhiteElo "2439"]
[BlackElo "2557"]
[TimeControl "180+1"]
[EndTime "9:54:29 PDT"]
[Termination "Cheer_Down won on time"]

1. e4 e5 2. Nf3 Nc6 3. Bc4 Nf6 4. d3 h6 5. O-O d6 6. c3 g5 7. Nbd2 Bg7 8. Bb3 O-O 9. h3 Be6 10. Re1 d5 11. exd5 Nxd5 12. Nc4 Nf4 13. d4 exd4 14.
Bxf4 gxf4 15. cxd4 Nxd4 16. Nxd4 Qxd4 17. Qc2 f3 18. Rad1 Qf6 19. g3 Bxh3 20. Ne5 Be6 21. Bxe6 Qxe6 22. Nxf3 Qxa2 23. Rd7 Qxb2 24. Qf5 Qf6 25.
Qg4 Rfe8 26. Rc1 Rac8 27. Nh4 Kh8 28. Nf5 Rf8 29. Rcxc7 Rxc7 30. Rxc7 Qg5 31. Qf3 b5 32. Rxa7 b4 33. Rb7 Bc3 34. Ne3 Qg6 35. Nd5 Bd2 36. Ne7 Qd6 37. Nf5 Qf6 38. Qh5 Bc3 39.
Rd7 Qg6 40. Qf3 Qf6 41. Rd6 Qg5 42. Rxh6+ Kg8 43. Rb6 Rd8 44. Rb7 Qf6 45. Kg2 Kf8 46. Qe4 1-0

[Event "Early-Titled-Tuesday-Blitz-September-05-2023"]
[Site "Chess.com"]
[Date "2023.09.05"]
[Round "10"]
[White "Apocalyps999"]
[Black "S-Fazulyanov"]
[Result "0-1"]
[WhiteElo "2298"]
[BlackElo "2436"]
[TimeControl "180+1"]
[EndTime "9:54:29 PDT"]
[Termination "S-Fazulyanov won by checkmate"]

1. e4 c5 2. c3 Nf6 3. e5 Nd5 4. Nf3 Nc6 5. Bc4 Nb6 6. Bb3 d5 7. exd6 Qxd6 8. O-O Be6 9. Bxe6 Qxe6 10. Re1 Qd7 11. a4 e6 12. Na3 Be7 13. Nc2 c4 14. Ne3 Qd3 15. a5 Nd5 16. Nxd5 Qxd5 17. Qa4 O-O 18.
a6 b5 19. Qc2 b4 20. cxb4 Nxb4 21. Qe4 Rfd8 22. Ra4 Rac8 23. Ne5 Rd6 24. Rxb4 Rxa6 25. Qxd5 exd5 26. Rb7 Bc5 27. Nxf7 Rf6 28. d4 cxd3 29. Ng5 Bxf2+ 30. Kf1 Bxe1+ 31. Kxe1 Rxc1+ 32. Kd2 Rc8 33. Kxd3 h6 34. Nf3 Rb6 35. Rxa7 Rxb2 36. Kd4 Rxg2 37. Kxd5 Rf2 38. Ke4 Re8+ 39. Kf4 Rf8+ 40.
Kg3 R8xf3+ 41. Kg4 Rf4+ 42. Kh5 Rf5+ 43. Kg6 Rg5# 0-1

[Event "Early-Titled-Tuesday-Blitz-September-05-2023"]
[Site "Chess.com"]
[Date "2023.09.05"]
[Round "10"]
[White "dosto07"]
[Black "Qvalda"]
[Result "1/2-1/2"]
[WhiteElo "2505"]
[BlackElo "2387"]
[TimeControl "180+1"]
[EndTime "9:54:31 PDT"]
[Termination "Game drawn by repetition"]

1. e4 e6 2. d4 d5 3. Nd2 Be7 4.
Bd3 c5 5. dxc5 Bxc5 6. Ngf3 Nf6 7. Qe2 O-O 8. O-O Nc6 9. e5 Nd7 10.
Nb3 Be7 11. Bf4 h6 12. Rfe1 Re8 13. Rad1 Nc5 14. Nxc5 Bxc5 15. c3 Rb8 16. Bb1 Ne7 17. Bg3 Nf5 18. Bxf5 exf5 19. e6 Bxe6 20. Bxb8 Qxb8 21.
Nd4 Bxd4 22. Rxd4 b5 23. Qd2 a5 24. h3 Rc8 25. a4 Rc4 26. Ra1 bxa4 27. Rxc4 dxc4 28.
Rxa4 Qe5 29. Ra1 f4 30. Re1 Qg5 31. g3 fxg3 32. Qxg5 gxf2+ 33. Kxf2 hxg5 34. Kg3 a4 35. Re5 g6 36. Rxg5 Bf5 37. Kh2 Bc2 38. Rc5 Bb3 39.
Kg3 Kg7 40. Rc6 Kh7 41. h4 Kg7 42. Kf4 Ba2 43. Kg5 Bb3 44. Ra6 Bc2 45. Rc6 Bb3 46. Ra6 Bc2 47. Kf4 Bb3 48. Kg5 1/2-1/2

[Event "Early-Titled-Tuesday-Blitz-September-05-2023"]
[Site "Chess.com"]
[Date "2023.09.05"]
[Round "10"]
[White "ShahMatKanal"]
[Black "Jumbo"]
[Result "0-1"]
[WhiteElo "2467"]
[BlackElo "2894"]
[TimeControl "180+1"]
[EndTime "9:54:32 PDT"]
[Termination "Jumbo won by resignation"]

1. e4 c5 2. f4 d5 3. d3 Nc6 4. Be2 dxe4 5. dxe4 Qxd1+ 6. Bxd1 Nf6 7. Nc3 Bg4 8. Be3 O-O-O 9. e5 Bxd1 10. Rxd1 Nd7 11. Nf3 h6 12. O-O e6 13. Rf2 Be7 14. Rfd2 Nb6 15. b3 Nb4 16. Rxd8+ Rxd8 17. Rxd8+ Kxd8 18. Ne1 N6d5 19. Nxd5 Nxd5 20. Kf2 Kd7 21. Bd2 c4 22. Ke2 b5 23. g3 Kc6 24. Nf3 Kc5 25. h4 h5 26. Be1 a6 27. a3 Kc6 28. b4 Nb6 29. Bf2 Na4 30. Bd4 Kd5 31. Ke3 Bd8 32.
Ng5 Bxg5 33. fxg5 g6 34. c3 Nb2 35. Kf3 Nd3 36. g4 Nxe5+ 37. Bxe5 Kxe5 38. gxh5 gxh5 39. Ke3 Kf5 40. Kf3 e5 41. Ke3 f6 42. gxf6 Kxf6 43. Ke4 Ke6 44. Ke3 Kf5 45. Kf3 e4+ 46. Ke3 Ke5 0-1

[Event "Early-Titled-Tuesday-Blitz-September-05-2023"]
[Site "Chess.com"]
[Date "2023.09.05"]
[Round "10"]
[White "frederiksvane"]
[Black "kingofthenil"]
[Result "0-1"]
[WhiteElo "2921"]
[BlackElo "2772"]
[TimeControl "180+1"]
[EndTime "9:54:34 PDT"]
[Termination "kingofthenil won on time"]

1. e4 Nc6 2. Nf3 d5 3. exd5 Qxd5 4. Nc3 Qh5 5. Be2 Bg4 6. h3 O-O-O 7. O-O Bxh3 8. gxh3 Qxh3 9. Nh2 e6 10. d3 Nf6 11. Bf4 g5 12. Bg3 h5 13. Nb5 a6 14.
a4 e5 15. Bf3 h4 16. Na7+ Nxa7 17. Bxe5 Bd6 18. Re1 Qf5 19. Bg4 Nxg4 20. Qxg4 Qxg4+ 21. Nxg4 Bxe5 22. Rxe5 Nc6 23. Rxg5 Nd4 24. Kh1 Rhg8 25. Rxg8 Rxg8 26. Nf6 Rg6 27. Nd5 Rg5 28. Ne3 Nf3 29. Ng2 h3 30. Nf4 h2 31. Ne2 f5 32. c3 f4 33. d4 Kd7 34. Rd1 Ke7 35. Rc1 Kf6 36. Rd1 Kf5 37. Rc1 Ke4 38. Rd1 c6 39. b4 b5 40. a5 Rg4 41. Rf1 Kd3 42. Nc1+ Kd2 43. Nd3 Kxd3 44. Rd1+ Ke2 45. d5 Rg1+ 0-1

[Event "Early-Titled-Tuesday-Blitz-September-05-2023"]
[Site "Chess.com"]
[Date "2023.09.05"]
[Round "10"]
[White "zverr1"]
[Black "Aygehovit1992"]
[Result "0-1"]
[WhiteElo "2500"]
[BlackElo "2701"]
[TimeControl "180+1"]
[EndTime "9:54:34 PDT"]
[Termination "Aygehovit1992 won by checkmate"]

1. d4 Nf6 2. c4 e6 3. Nf3 Bb4+ 4. Bd2 a5 5. Bxb4 axb4 6. e3 d6 7. Bd3 Nc6 8. Nbd2 e5 9. Qc2 O-O 10. d5 Nb8 11. a3 Nbd7 12. O-O bxa3 13. b4 Re8 14. e4 Nh5 15. g3 g6 16. Qb3 Ndf6 17.
Rxa3 Rxa3 18. Qxa3 Bh3 19. Rc1 Ng4 20. Bf1 Bxf1 21.
Nxf1 f5 22. exf5 gxf5 23. c5 f4 24. c6 b6 25. Nh4 Qg5 26. Re1 e4 27. Qa7 e3 28.
fxe3 fxg3 29. Nf3 Qf5 30. Kg2 gxh2 31. N1xh2 Qc2+ 32. Kh3 Nf2+ 33. Kh4 Ng7 34. Ng4 Nf5+ 35. Kg5 Nh3+ 36. Kf6 Ng7 37. Nh6+ Kf8 38. e4 Qc3+ 39. Nd4 Qxd4+ 40. e5 Qf4+ 41. Nf5 Qxf5# 0-1

[Event "Early-Titled-Tuesday-Blitz-September-05-2023"]
[Site "Chess.com"]
[Date "2023.09.05"]
[Round "10"]
[White "miraitrunks"]
[Black "Doudou2015"]
[Result "1-0"]
[WhiteElo "2062"]
[BlackElo "2179"]
[TimeControl "180+1"]
[EndTime "9:54:35 PDT"]
[Termination "miraitrunks won by checkmate"]

1. e4 c5 2. Nc3 Nc6 3. Nge2 e5 4. Ng3 d6 5. Bc4 Nf6 6. d3 h6 7. O-O Be7 8. f4 Bg4 9. Qe1 Nd4 10. Qf2 Nd7 11.
fxe5 Nxe5 12. Be3 Bf6 13. Nd5 Nxc4 14. Nxf6+ Qxf6 15. Bxd4 Qxd4 16. Qxd4 cxd4 17. dxc4 Be2 18. Rfe1 Bxc4 19. Nf5 O-O 20. Rad1 Be6 21. Nxd4 Rac8 22.
b3 d5 23. exd5 Bxd5 24. Nf5 Be6 25. Ne7+ Kh7 26. Nxc8 Rxc8 27. c4 Kg6 28. g3 h5 29.
Rd6 Kf5 30. Kf2 g5 31. Red1 h4 32. gxh4 gxh4 33. R1d4 h3 34. Kg3 Rh8 35. Rd8 Rh6 36.
Rb8 Ke5 37. Rd2 Rg6+ 38. Kf3 Bg4+ 39. Ke3 Rf6 40. Rd5+ Ke6 41. Re8# 1-0

[Event "Early-Titled-Tuesday-Blitz-September-05-2023"]
[Site "Chess.com"]
[Date "2023.09.05"]
[Round "10"]
[White "VitaliyBernadskiy"]
[Black "dropstoneDP"]
[Result "0-1"]
[WhiteElo "2836"]
[BlackElo "3013"]
[TimeControl "180+1"]
[EndTime "9:54:36 PDT"]
[Termination "dropstoneDP won on time"]

1. d4 d5 2. Nf3 Nf6 3. c4 e6 4.
Nc3 c5 5. cxd5 Nxd5 6. e4 Nxc3 7. bxc3 cxd4 8. cxd4 Bb4+ 9. Bd2 Bxd2+ 10. Qxd2 O-O 11. Bc4 Nd7 12. O-O b6 13. Rfe1 Bb7 14. Rad1 Nf6 15.
Qf4 Rc8 16. Bb3 Qc7 17. Qh4 h6 18. d5 exd5 19. e5 Ne4 20. Bxd5 Bxd5 21. Rxd5 Nc3 22. Rd4 Rfe8 23. h3 Re6 24. a3 b5 25. Qf4 a5 26.
Qd2 Na4 27. Rd5 Rb8 28. Nd4 Reb6 29. e6 fxe6 30. Nxe6 Qc3 31. Qe2 Re8 32. Re5 Rb7 33. Qh5 Rbe7 34. R5e3 Qc6 35. Qg4 Qd7 36. Qg6 Qc6 37.
Qf5 Nb6 38. Ng5 g6 39. Rxe7 Rxe7 0-1

[Event "Early-Titled-Tuesday-Blitz-September-05-2023"]
[Site "Chess.com"]
[Date "2023.09.05"]
[Round "10"]
[White "falzehope0"]
[Black "Heinza9"]
[Result "1-0"]
[WhiteElo "2465"]
[BlackElo "2296"]
[TimeControl "180+1"]
[EndTime "9:54:42 PDT"]
[Termination "falzehope0 won on time"]

1. d4 f5 2. e3 Nf6 3. Bd3 g6 4. f4 Bg7 5. Nf3 O-O 6. O-O b6 7. Nbd2 Bb7 8. Qe2 Ne4 9. Bxe4 fxe4 10. Ng5 e5 11. dxe5 Bxe5 12. Ndxe4 Bg7 13. Qc4+ d5 14. Qb3 Qe7 15. Ng3 Nd7 16. c4 Nc5 17. Qc2 Ba6 18.
b4 Bxa1 19. bxc5 Bxc4 20. Rd1 Qxc5 21. Ne6 Qe7 22. Nxf8 Rxf8 23. e4 Qc5+ 24. Kh1 c6 25. e5 Bd4 26. a3 Be3 27. e6 Bxc1 28. Qxc1 Qe7 29. f5 gxf5 30. Qh6 f4 31. Nh5 Be2 32. Re1 Bxh5 33. Qxh5 Rf6 34. Qg5+ Kf8 35. h4 d4 36. Kg1 d3 37. Rd1 Qc5+ 38. Kh1 Qxg5 39. hxg5 Rxe6 40. Rxd3 Ke7 41. Rf3 Re4 42. Kh2 c5 43. Kh3 c4 44. Kg4 Re3 45. Rxf4 b5 46. Rf5 a6 47. a4 c3 48. axb5 c2 49. Rc5 axb5 50. Rxc2 b4 51. Rc7+ Kd6 52. Rxh7 Kc6 53. Rh8 1-0

[Event "Early-Titled-Tuesday-Blitz-September-05-2023"]
[Site "Chess.com"]
[Date "2023.09.05"]
[Round "10"]
[White "PeshkaCh"]
[Black "Rutricks"]
[Result "0-1"]
[WhiteElo "2782"]
[BlackElo "2674"]
[TimeControl "180+1"]
[EndTime "9:54:44 PDT"]
[Termination "Rutricks won by checkmate"]

1. Nf3 g6 2. g3 Bg7 3. d4 Nf6 4. Bg2 O-O 5. O-O d6 6. c4 Nbd7 7. Nc3 c5 8. b3 Rb8 9. Bb2 a6 10.
Rc1 b5 11. cxb5 axb5 12. dxc5 Nxc5 13. Nd4 Bd7 14. b4 Ne6 15. Nc6 Bxc6 16. Bxc6 Ng4 17. Bg2 Ne5 18. Nd5 Nc4 19. Bxg7 Nxg7 20. Qd3 e6 21.
Nc3 d5 22. h4 h5 23. Rb1 Nf5 24. Rfd1 Qf6 25. e4 dxe4 26. Nxe4 Qe5 27. Qc3 Rfd8 28. Qxe5 Nxe5 29. Nc5 Nd4 30. Kf1 Nc4 31. Rd3 Nc2 32. Nd7 Rbc8 33. Bb7 Rb8 34. Be4 Rbc8 35. Ke2 Kg7 36.
Bb7 Rc7 37. Nc5 Rxd3 38. Kxd3 Nxb4+ 39. Rxb4 Rxc5 40. Bg2 Rf5 41. Ke2 Nd6 42. Rd4 Re5+ 43. Kf1 Nc4 44. a4 Na3 45. a5 Nc2 46. Rd2 Re1# 0-1

[Event "Early-Titled-Tuesday-Blitz-September-05-2023"]
[Site "Chess.com"]
[Date "2023.09.05"]
[Round "10"]
[White "assezde36"]
[Black "twofoxniel"]
[Result "1-0"]
[WhiteElo "2801"]
[BlackElo "2665"]
[TimeControl "180+1"]
[EndTime "9:54:45 PDT"]
[Termination "assezde36 won by checkmate"]

1. d4 d5 2. Nf3 c6 3. g3 Nf6 4. Bg2 Bf5 5. O-O e6 6. c4 h6 7. Qb3 Qb6 8. c5 Qc7 9. Bf4 Qc8 10. Nc3 Nbd7 11. Rac1 Be7 12. Nd2 O-O 13. Rfe1 g5 14. Be3 Ng4 15. Nf1 Nxe3 16. Nxe3 Bg6 17. Nf1 Bf6 18.
Rcd1 e5 19. e3 Re8 20. Bh3 Qc7 21. Ne2 Re7 22. Qc3 Rae8 23. Rc1 Bh5 24. g4 Bg6 25.
Bg2 exd4 26. Nxd4 Ne5 27. h3 Nd3 28. Ng3 Nxe1 29. Rxe1 Bg7 30. Qd2 Re5 31. Bf3 Qe7 32. b4 Qf6 33. Kg2 Kh7 34. b5 cxb5 35. Nxb5 Qc6 36.
Nd6 R8e6 37. Rc1 Bf8 38. Ndf5 Bxc5 39. Nd4 Bb4 40. Qb2 Qa4 41. Nxe6 Rxe6 42. Rc8 f6 43.
Bxd5 Re7 44. Qxf6 Rg7 45. Nf5 Qd7 46. Rd8 Qc7 47. Nxg7 Qxg7 48. Bg8+ Kh8 49. Bf7+ Kh7 50. Bxg6+ Qxg6 51. Rh8# 1-0

[Event "Early-Titled-Tuesday-Blitz-September-05-2023"]
[Site "Chess.com"]
[Date "2023.09.05"]
[Round "10"]
[White "SCIM"]
[Black "aakankshachess"]
[Result "0-1"]
[WhiteElo "2584"]
[BlackElo "2473"]
[TimeControl "180+1"]
[EndTime "9:54:47 PDT"]
[Termination "aakankshachess won on time"]

1. d4 Nf6 2. c4 c5 3. Nf3 cxd4 4. Nxd4 Nc6 5. Nc3 e6 6. Nxc6 bxc6 7. g3 d5 8. Bg2 Bc5 9. O-O O-O 10. e4 Ba6 11. e5 Nd7 12. Re1 Bxc4 13. Qg4 Kh8 14.
Bg5 Qb6 15. Nd1 f5 16. exf6 Nxf6 17. Bxf6 Rxf6 18. Rxe6 Bxf2+ 19. Kh1 Rxe6 20. Qxe6 Bd4 21. Rc1 Bxb2 22. Nxb2 Qxb2 23. Re1 h6 24. Qxc6 Rf8 25.
Bxd5 Qd2 26. Bxc4 Qxe1+ 27. Kg2 Qd2+ 28. Kh3 Qc2 29. Qa6 Qf5+ 30. Kg2 Qe4+ 31. Kh3 h5 32. Be2 Qf5+ 33. Kg2 Qe4+ 34. Kh3 Rf2 35. Qc8+ Kh7 36.
Bxh5 Qg2+ 37. Kg4 Qf3+ 38. Kg5 Qf6+ 39. Kg4 Rxh2 40. Be8 Qd4+ 41. Kg5 Qe5+ 42. Kg4 Qe4+ 43. Kg5 Rc2 44. Qh3+ Kg8 45. Bg6 Rc5+ 46. Bf5 Qe3+ 47. Kg6 Rc6+ 48. Kh5 Rh6+ 0-1

[Event "Early-Titled-Tuesday-Blitz-September-05-2023"]
[Site "Chess.com"]
[Date "2023.09.05"]
[Round "10"]
[White "only_strong_moves"]
[Black "Roman_Ovetchkin"]
[Result "0-1"]
[WhiteElo "2538"]
[BlackElo "2654"]
[TimeControl "180+1"]
[EndTime "9:54:50 PDT"]
[Termination "Roman_Ovetchkin won on time"]

1. d4 Nf6 2. Nc3 d5 3. Bf4 Bf5 4. e3 e6 5. Nf3 Bb4 6. Bd3 Ne4 7. Bxe4 Bxe4 8. O-O Bxc3 9. bxc3 Nd7 10. Nd2 Nb6 11. Nxe4 dxe4 12. Qg4 Kf8 13. f3 exf3 14. Rxf3 Qe7 15.
Raf1 f6 16. Bh6 Nd7 17. e4 gxh6 18. Qh5 Rg8 19. Qxh6+ Qg7 20. Qh3 Ke7 21. d5 exd5 22. exd5 Rae8 23. R3f2 Kd8 24. d6 c6 25. Qd3 Qg6 26. Qd4 c5 27. Qa4 Qe4 28. Qxa7 Qc6 29.
Qa8+ Qc8 30. Qa3 b6 31. c4 Qc6 32. Rd1 Re4 33. Qd3 Rd4 34. Qf1 Qxd6 35. Re1 Kc7 36. g3 Rd2 37. Rxd2 Qxd2 38. Re2 Qd4+ 39. Rf2 Ne5 40.
Kg2 Qe4+ 41. Kg1 Rg6 42. Qd1 Qd4 43. Qe2 Ng4 44. Qe7+ Qd7 45. Re2 Ne5 46. Qf8 Qd1+ 47. Kf2 Ng4+ 48. Kf3 Ne5+ 0-1

[Event "Early-Titled-Tuesday-Blitz-September-05-2023"]
[Site "Chess.com"]
[Date "2023.09.05"]
[Round "10"]
[White "banane_verte"]
[Black "GaiozNigalidze"]
[Result "0-1"]
[WhiteElo "2599"]
[BlackElo "2761"]
[TimeControl "180+1"]
[EndTime "9:54:52 PDT"]
[Termination "GaiozNigalidze won by checkmate"]

1. e4 c5 2. Nf3 Nc6 3. d4 cxd4 4. Nxd4 Nf6 5. Nc3 e5 6. Ndb5 d6 7. Bg5 a6 8. Na3 b5 9. Nd5 Be7 10. Bxf6 Bxf6 11. c3 Bg5 12. Nc2 Rb8 13. a4 bxa4 14.
Ncb4 Nxb4 15. Nxb4 Bd7 16. Rxa4 Bxa4 17. Qxa4+ Qd7 18. Qxd7+ Kxd7 19. Bxa6 Bd8 20. Kd2 Ba5 21.
Nd3 g6 22. Ra1 Bb6 23. Bc4 f5 24. Bd5 fxe4 25. Bxe4 Ke6 26. c4 Bd4 27. Kc2 Rhc8 28. Bd5+ Kf5 29. f3 Rb5 30. Be4+ Kg5 31. h4+ Kxh4 32. Rh1+ Kg3 33. b3 Ra5 34. Rxh7 Ra2+ 35. Kb1 Rxg2 36. Rg7 Kh2 37. Rxg6 Rxg6 38. Bxg6 Kg3 39. Be4 Rf8 40. b4 Rb8 41. b5 Kh4 42. Kc2 Kg5 43. Kb3 Kf6 44. Kb4 Bb6 45. f4 exf4 46.
Bd5 Kf5 47. Bc6 Kg4 48. Bd5 Kg3 49. Ne1 Re8 50. Nf3 Re3 51. Bc6 Bc5+ 52. Ka5 Ra3# 0-1

[Event "Early-Titled-Tuesday-Blitz-September-05-2023"]
[Site "Chess.com"]
[Date "2023.09.05"]
[Round "10"]
[White "RobertoJBM"]
[Black "DefiantChair"]
[Result "1-0"]
[WhiteElo "2800"]
[BlackElo "2640"]
[TimeControl "180+1"]
[EndTime "9:54:53 PDT"]
[Termination "RobertoJBM won by checkmate"]

1. e4 c5 2. Nf3 d6 3. d4 cxd4 4. Nxd4 Nf6 5. Nc3 a6 6. f3 e5 7. Nb3 Be7 8. Be3 Be6 9. Qd2 h5 10. O-O-O Nbd7 11. Kb1 Rc8 12. g3 Nb6 13. Qf2 Nfd7 14.
Nd5 Bxd5 15. exd5 Nc4 16. Bxc4 Rxc4 17. c3 Rc8 18. g4 hxg4 19. fxg4 Bh4 20. Qd2 a5 21. a3 a4 22. Nc1 Rc4 23. h3 Nf6 24. Na2 b5 25. Nb4 Ne4 26. Qd3 Bg5 27. Rde1 Bxe3 28.
Qxe3 O-O 29. h4 Qf6 30. Ka1 Nc5 31. g5 Qg6 32. h5 Qf5 33. Ref1 Rf4 34. Qe2 Nb3+ 35.
Ka2 Qxg5 36. Qxb5 Nc5 37. h6 Rxf1 38. Qxf1 g6 39. Nc6 f5 40. Qc4 Qf4 41. h7+ Kh8 42. Qb5 Qe4 43. Rd1 Kxh7 44. Nb4 Qf3 45. Rf1 Qe4 46. Ka1 Kg7 47. Rg1 Nb3+ 48. Ka2 Rf7 49. Qe8 Qe3 50. Rh1 Kf6 51. Qd8+ Kg7 52. Qh8# 1-0

[Event "Early-Titled-Tuesday-Blitz-September-05-2023"]
[Site "Chess.com"]
[Date "2023.09.05"]
[Round "10"]
[White "Sargsyan_Shant"]
[Black "Msb2"]
[Result "0-1"]
[WhiteElo "2968"]
[BlackElo "3101"]
[TimeControl "180+1"]
[EndTime "9:54:56 PDT"]
[Termination "Msb2 won by checkmate"]

1. c4 e6 2. Nf3 d5 3. d4 Nf6 4.
g3 Nc6 5. Bg2 Bd6 6. O-O O-O 7.
Qc2 dxc4 8. Nbd2 b5 9. a4 Nb4 10. Qb1 c6 11. axb5 cxb5 12. Ng5 Rb8 13. Rxa7 Qb6 14.
Ra1 Bb7 15. Nde4 Nxe4 16. Bxe4 h6 17. Bxb7 hxg5 18. Bg2 Be7 19. Rd1 Rfd8 20. Be3 Nd5 21. Bd2 b4 22. e4 Nf6 23. Bxg5 Rxd4 24. Rxd4 Qxd4 25. Be3 Qd8 26. h3 Rc8 27. Qc2 Bc5 28. Rd1 Qf8 29. e5 Bxe3 30. exf6 Bh6 31. Rd4 c3 32.
fxg7 Bxg7 33. Rh4 Qd6 34. bxc3 bxc3 35. Kh2 Qd2 36. Qh7+ Kf8 37. Rg4 Qh6 38. Qc2 Rd8 39. Ra4 Qd2 40. Ra2 Qe1 41. Qe2 Qb1 42. Ra7 Qb6 43.
Rb7 Qd6 44. Qf3 Rd7 45. Rxd7 Qxd7 46. Qa8+ Ke7 47. Qa3+ Qd6 48. Qxd6+ Kxd6 49. Be4 Kc5 50. Kg2 Kb4 51. h4 Kb3 52. g4 c2 53. Bxc2+ Kxc2 54. f4 Kd3 55. Kf3 f6 56. g5 e5 57. h5 e4+ 58. Kg2 fxg5 59. fxg5 e3 60. h6 Bf8 61. Kf3 e2 62. h7 Bg7 63. Kg4 e1=Q 64.
Kf5 Qe4# 0-1

[Event "Early-Titled-Tuesday-Blitz-September-05-2023"]
[Site "Chess.com"]
[Date "2023.09.05"]
[Round "10"]
[White "borocotoajua"]
[Black "sokidze"]
[Result "0-1"]
[WhiteElo "2600"]
[BlackElo "2769"]
[TimeControl "180+1"]
[EndTime "9:54:56 PDT"]
[Termination "sokidze won by resignation"]

1. d4 Nf6 2. Nf3 e6 3. c4 b6 4. g3 c6 5. Bg2 Be7 6. Nc3 d5 7.
O-O O-O 8. Ne5 Nfd7 9. Bf4 Nxe5 10. Bxe5 Nd7 11. Bf4 f5 12. Qa4 Bb7 13. Rac1 g5 14.
Bd2 Bf6 15. e3 Kh8 16. cxd5 exd5 17. b4 b5 18. Qc2 Be7 19. f3 Bxb4 20. e4 Nb6 21. exf5 Qf6 22. f4 Qxd4+ 23. Kh1 Nc4 24. Be1 Ne3 25. Qf2 Rae8 26. Ne2 Qb2 27. Bxb4 Qxb4 28.
g4 Nxf1 29. Rxf1 Qd2 30. Qd4+ Qxd4 31. Nxd4 gxf4 32. Ne6 Rxe6 33. fxe6 Bc8 34. Bf3 Bxe6 35. Rc1 Bd7 36. Kg2 Kg7 37. Kf2 Re8 38. h4 Re3 39.
g5 a5 40. Rc5 Ra3 41. Bxd5 cxd5 42. Rc7 Rxa2+ 43. Kf3 b4 44. Rxd7+ Kg6 45. Rd6+ Kf5 46. Rxd5+ Ke6 47. Rb5 Ra3+ 48. Kxf4 b3 49. h5 Ra4+ 50. Kf3 Rb4 51. Rxa5 b2 52. Ra6+ Kd5 53. g6 hxg6 54.
hxg6 b1=Q 55. g7 Qe4+ 0-1

[Event "Early-Titled-Tuesday-Blitz-September-05-2023"]
[Site "Chess.com"]
[Date "2023.09.05"]
[Round "10"]
[White "ural58"]
[Black "viktorskliarov"]
[Result "0-1"]
[WhiteElo "2518"]
[BlackElo "2652"]
[TimeControl "180+1"]
[EndTime "9:54:57 PDT"]
[Termination "viktorskliarov won on time"]

1. e4 c5 2. b3 Nc6 3. Bb2 Nf6 4. e5 Nd5 5. Nf3 e6 6. g3 Be7 7. c4 Nc7 8. Bg2 O-O 9. O-O f6 10. d4 cxd4 11. exf6 Bxf6 12. Nxd4 d5 13. Nxc6 bxc6 14. Qe2 Bxb2 15. Qxb2 Qf6 16. Nc3 Bd7 17. Rac1 a5 18.
Qa3 Ne8 19. Na4 Qd4 20. Rcd1 Qa7 21. Nc5 Bc8 22. Rfe1 Qf7 23. f4 h6 24. Rd2 a4 25. Nxa4 dxc4 26. Bxc6 Ra6 27. Bb5 Ra5 28. Bxc4 Qa7+ 29. Rf2 Nf6 30. h3 Nh5 31. Kg2 Bb7+ 32. Kg1 Bd5 33. Bxd5 exd5 34. Qe7 Nxg3 35. Qxa7 Rxa7 36.
Kg2 Ne4 37. Rc2 Rxf4 38. Rc8+ Kh7 39. Re2 Raf7 40. Rd8 Rf2+ 41. Rxf2 Rxf2+ 42. Kg1 Rxa2 43. Rxd5 Ng5 44. h4 Nf3+ 45. Kf1 Nxh4 46. Nc5 Nf3 47. b4 Rb2 48. Nd3 Rb3 49. b5 Nd2+ 50. Ke2 Ne4 0-1

[Event "Early-Titled-Tuesday-Blitz-September-05-2023"]
[Site "Chess.com"]
[Date "2023.09.05"]
[Round "10"]
[White "Nf3c5"]
[Black "Eloist"]
[Result "0-1"]
[WhiteElo "2582"]
[BlackElo "2454"]
[TimeControl "180+1"]
[EndTime "9:54:57 PDT"]
[Termination "Eloist won on time"]

1. d4 e6 2. e4 d5 3. e5 c5 4.
c3 Qb6 5. Nf3 Bd7 6. Bd3 cxd4 7.
Nxd4 Nc6 8. Nxc6 bxc6 9. O-O c5 10. c4 d4 11. Nd2 Bc6 12. Qg4 Nh6 13. Qg3 Nf5 14.
Bxf5 exf5 15. e6 fxe6 16. Re1 Kf7 17. a3 a5 18. Rb1 Qb8 19. Qh3 Qf4 20. Nf3 Qc7 21.
Ng5+ Kg8 22. Nxe6 Qf7 23. Ng5 Qxc4 24. Qxf5 Qd5 25. Qh3 Bd6 26. Bd2 h6 27. Ne4 Be7 28.
Rbc1 a4 29. Qg3 Kh7 30. Bf4 Qf5 31. f3 Raf8 32. Bd6 Bxd6 33. Nxd6 Qd5 34. Ne4 c4 35. Qc7 Rf7 36. Qg3 d3 37. Rcd1 Qd4+ 38. Kh1 Bxe4 39.
Rxe4 Qxb2 40. Rxc4 Rd8 41. Rc6 d2 42. Qg6+ Kg8 43.
h4 Re7 44. Kh2 Re1 45. Rc7 Rxd1 46. Qf7+ Kh8 47. Re7 Rh1+ 48. Kxh1 d1=Q+ 49. Kh2 Qd6+ 50. Kh3 Qdf6 51. Re8+ Rxe8 52. Qxe8+ Kh7 53. Qe4+ Qg6 0-1

[Event "Early-Titled-Tuesday-Blitz-September-05-2023"]
[Site "Chess.com"]
[Date "2023.09.05"]
[Round "10"]
[White "amintabatabaei"]
[Black "moro182"]
[Result "1-0"]
[WhiteElo "3022"]
[BlackElo "2859"]
[TimeControl "180+1"]
[EndTime "9:54:58 PDT"]
[Termination "amintabatabaei won by checkmate"]

1. e4 g6 2. d4 Bg7 3. Nc3 a6 4. f4 d5 5. Nxd5 e6 6. Ne3 Qxd4 7. Qxd4 Bxd4 8. Nf3 Bg7 9. e5 b6 10. g3 Bb7 11.
Bg2 Ne7 12. Kf2 Nd7 13. Nd4 Bxg2 14. Kxg2 O-O-O 15. Nf3 h6 16. Re1 g5 17. fxg5 h5 18.
Nc4 Ng6 19. Bf4 Kb7 20. h4 b5 21. Na5+ Kb6 22. b4 c5 23. a3 c4 24. Rad1 Kc7 25.
Rd6 Nb8 26. Red1 Rxd6 27. Rxd6 Bf8 28. Rd1 Ne7 29. Nd2 Nd5 30. Ne4 Be7 31. Kf3 Nd7 32.
Nf6 N7b6 33. Be3 Nxe3 34. Kxe3 Bxf6 35. exf6 Nd5+ 36. Kf3 Rg8 37. Rd4 Kd6 38. Nb7+ Kc6 39. Nc5 a5 40. Ke2 axb4 41. axb4 Ra8 42. Re4 Nc3+ 43.
Ke3 Nxe4 44. Nxe4 Ra3+ 45. Kf4 Ra1 46. g6 fxg6 47. Kg5 Rf1 48. Kxg6 c3 49. f7 Kd5 50. Nf6+ Kc4 51. f8=Q Rf3 52. Qc5# 1-0

[Event "Early-Titled-Tuesday-Blitz-September-05-2023"]
[Site "Chess.com"]
[Date "2023.09.05"]
[Round "10"]
[White "KorolDimitriy75"]
[Black "UB_TheQueen"]
[Result "0-1"]
[WhiteElo "2289"]
[BlackElo "2094"]
[TimeControl "180+1"]
[EndTime "9:54:58 PDT"]
[Termination "UB_TheQueen won on time"]

1. d4 Nf6 2. c4 g6 3. Nc3 Bg7 4.
e4 O-O 5. Nf3 d6 6. Be2 e5 7. dxe5 dxe5 8. Qxd8 Rxd8 9. Bg5 Be6 10. Nxe5 h6 11. Bh4 Re8 12. f4 g5 13. fxg5 hxg5 14. Bxg5 Nxe4 15. Nxe4 Bxe5 16. O-O-O Nd7 17. Bf3 f6 18. Be3 Nb6 19. b3 a5 20. Nc5 Bf5 21. Bd4 a4 22. Bxe5 Rxe5 23. Kb2 Rxc5 24. Bxb7 Rb8 25. Ba6 Nxc4+ 26. Bxc4+ Rxc4 27. Rhf1 Rc5 28.
Rd4 axb3 29. axb3 Rcb5 30. Rf3 Be6 31. Rdd3 Kg7 32. h3 c5 33. Rde3 Bf7 34. Rg3+ Kf8 35.
Kc2 c4 36. bxc4 Rb2+ 37. Kc3 R8b3+ 38. Kd4 Rb4 39. Rc3 Re2 40. Rgf3 Ke7 41. g4 Bg6 42. Kc5 Ra4 43. Rfe3+ Rxe3 44. Rxe3+ Kf7 45. Kb5 Ra2 46. c5 Rb2+ 47. Kc6 Bc2 48. Kd6 Ba4 49. Rc3 Rd2+ 50. Kc7 Ke6 51. Kb6 Kd5 52. Rf3 Rb2+ 53. Ka5 Bc2 0-1